 Dungeon Crawl Stone Soup version 0.31.0-32-g396128a36d (webtiles) character file.

Game seed: 8491996273202197542

7 Midpoint the Ducker (level 1, 0/13 HPs)
             Began as a Deep Elf Monk on Mar 13, 2024.
             Frozen to death by an endoplasm (5 damage)
             ... on level 1 of the Dungeon.
             The game lasted 00:01:07 (315 turns).

Midpoint the Ducker (Deep Elf Monk)                  Turns: 315, Time: 00:01:07

Health: 0/13       AC:  2    Str:  8    XL:     1   Next: 83%
Magic:  3/3        EV: 13    Int: 14    God:
Gold:   0          SH:  0    Dex: 17    Spells: 0/0 levels left

rFire   . . .        a - +0 short sword
rCold   . . .        d - orb {light}
rNeg    . . .        b - +0 robe
rPois   .            (no helmet)
rElec   .            (no cloak)
rCorr   .            (no gloves)
SInv    .            (no boots)
Will    .....        (no amulet)
Stlth   +            (no ring)
HPRegen 0.22/turn    (no ring)
MPRegen 0.08/turn

%: no passive effects
@: glowing
A: no striking features
a: no special abilities


You were on level 1 of the Dungeon.
You visited 1 branch of the dungeon, and saw 1 of its levels.

Inventory:

Hand Weapons
 a - a +0 short sword (weapon)
 f - a +0 dagger of flaming
 k - a +0 dagger of pain
Missiles
 h - a poisoned dart (quivered)
Armour
 b - a +0 robe (worn)
 d - an orb of light (worn)
 i - a +0 plate armour
Scrolls
 e - a scroll of enchant weapon {unknown}
 g - a scroll of silence {unknown}
 j - 3 scrolls of identify {unknown}
Potions
 c - a potion of ambrosia


   Skills:
 - Level 2.4 Fighting
 * Level 3.3 Short Blades
 + Level 3.8 Dodging


You couldn't memorise any spells.
You didn't know any spells.
Your spell library was empty.

Dungeon Overview and Level Annotations

Branches:
Dungeon (1/15)

Altars:


Message History

The jackal barely misses you.
You barely miss the jackal.
The jackal is almost dead.
The jackal bites you.
You hit the jackal.
You kill the jackal!
A goblin comes into view. It is wielding a +1 dagger of venom.
You hit the rat.
You kill the rat!
You hit the endoplasm.
The endoplasm is heavily wounded.
The endoplasm freezes you.
You are frozen.
Throw: 5 darts (poison)
Press: ? - help, Q - select action Shift-Dir - straight line, f - goblin
Aim: a goblin, wielding a +1 dagger of venom (haloed, 69% to hit)
You throw a poisoned dart. The poisoned dart hits the endoplasm.
The endoplasm is heavily wounded.
The endoplasm barely misses you.
Throw: 4 darts (poison)
Press: ? - help, Q - select action Shift-Dir - straight line, f/p - goblin
Aim: a goblin, wielding a +1 dagger of venom (haloed, 69% to hit)
You throw a poisoned dart. The poisoned dart hits the endoplasm.
The endoplasm is heavily wounded.
The endoplasm hits you.
Throw: 3 darts (poison)
Press: ? - help, Q - select action Shift-Dir - straight line, f/p - goblin
Aim: a goblin, wielding a +1 dagger of venom (haloed, 69% to hit)
You throw a poisoned dart. The poisoned dart hits the endoplasm.
The endoplasm is poisoned.
The endoplasm is heavily wounded.
The endoplasm hits you but does no damage.
Throw: 2 darts (poison)
Press: ? - help, Q - select action Shift-Dir - straight line, f/p - goblin
Aim: a goblin, wielding a +1 dagger of venom (haloed, 69% to hit)
You throw a poisoned dart. The poisoned dart hits the endoplasm.
The endoplasm is heavily wounded.
The endoplasm freezes you.
You are frozen.
You die...

#.........#
#.........#####
#.............#
####..........#
#..........#
#..........# ##
#..........#
.####..........#######.#
....'.........gJ@.......
.####..........###..##..
.# #..........# ##
.####........h.##
.#......####..J.#
##......# #..r.#
#......# #....# #......#
#....# #......# .......


You could see an endoplasm (poisoned) and a goblin.

Vanquished Creatures
  A ball python (D:1)
  A goblin (D:1)
  A jackal (D:1)
  A frilled lizard (D:1)
  A kobold (D:1)
  2 rats (D:1)
7 creatures vanquished.

Notes
Turn   | Place    | Note
-------+----------+-------------------------------------------
     0 | D:1      | Midpoint the Deep Elf Monk began the quest for the Orb.
     0 | D:1      | Reached XP level 1. HP: 13/13 MP: 3/3
   315 | D:1      | Frozen to death by an endoplasm

Illustrated notes

Levels and vault maps discovered:
D:1:      mrwooster_arrival_arrow, layout_basic, minmay_tall_x

Action                     || total
---------------------------++-------
  Melee: Short sword       ||    21
  Throw: Dart              ||     4
 Armour: Robe              ||     4
         Skin              ||     2
  Dodge: Dodged            ||    12
